Map: Dead of Night

Players

wasp

  • Race: Protoss Protoss
  • Spawn Location: 0:00

NamroodTuo

  • Race: Zerg Zerg

VOD

Have the link to the VOD?

Description

Time

  • Played on: May 31, 2023, 7:28 a.m.
  • Length: 66:03
Show
View Real Time Build Order
Export as new Build Order

wasp Protoss 

Build Orders:  

Get SALT Encoding   

  12  0:05  Probe (Chrono Boost)  
  13  0:26  Pylon  
  13  0:40  Pylon  
  13  1:01  Probe (Chrono Boost)  
  14  1:13  Probe (Chrono Boost)  
  14  1:19  Assimilator  
  15  1:25  Probe (Chrono Boost), Assimilator  
  16  1:31  Assimilator  
  16  1:37  Probe (Chrono Boost)  
  17  1:49  Probe (Chrono Boost)  
  18  2:03  Forge  
  18  2:18  Pylon  
  18  2:22  Pylon  
  18  2:24  Pylon  
  18  2:41  Probe (Chrono Boost)  
  19  2:53  Probe (Chrono Boost)  
  20  3:05  Probe (Chrono Boost)  
  21  3:16  Photon Cannon  
  21  3:17  Probe (Chrono Boost)  
  21  3:18  Photon Cannon  
  21  3:19  Photon Cannon  
  22  3:29  Probe (Chrono Boost)  
  22  3:38  Photon Cannon  
  23  3:51  Photon Cannon  
  23  4:10  Photon Cannon  
  23  4:40  Khaydarin Monolith  
  23  5:07  Probe (Chrono Boost)  
  23  5:19  Probe (Chrono Boost)  
  25  5:31  Probe (Chrono Boost)  
  26  5:44  Probe (Chrono Boost)  
  27  5:56  Probe (Chrono Boost)  
  28  6:02  Khaydarin Monolith  
  28  6:14  Khaydarin Monolith  
  28  6:18  Probe (Chrono Boost)  
  29  6:30  Probe (Chrono Boost)  
  30  6:47  Khaydarin Monolith  
  30  7:06  Gateway  
  30  7:09  Gateway  
  30  7:23  Solar Efficiency Level 1  
  30  8:34  Shield Battery  
  30  9:30  Pylon  
  30  9:34  Pylon  
  30  9:37  Pylon  
  30  9:43  Pylon  
  30  9:49  Pylon  
  30  10:07  Khaydarin Monolith  
  30  10:10  Khaydarin Monolith  
  30  10:13  Khaydarin Monolith  
  30  10:17  Khaydarin Monolith  
  30  10:22  Khaydarin Monolith  
  30  10:24  Khaydarin Monolith  
  30  10:51  Khaydarin Monolith  
  30  11:00  Khaydarin Monolith  
  30  11:23  Khaydarin Monolith  
  29  12:07  Probe (Chrono Boost)  
  30  12:19  Probe (Chrono Boost)  
  31  12:31  Probe (Chrono Boost)  
  31  12:35  Khaydarin Monolith  
  32  12:43  Probe (Chrono Boost), Khaydarin Monolith  
  33  12:50  Khaydarin Monolith  
  33  12:55  Probe (Chrono Boost)  
  34  13:15  Pylon  
  34  13:17  Pylon  
  34  13:22  Pylon  
  34  15:02  Khaydarin Monolith  
  34  15:28  Khaydarin Monolith  
  34  15:47  Khaydarin Monolith  
  34  16:02  Khaydarin Monolith  
  34  16:13  Khaydarin Monolith  
  34  16:15  Khaydarin Monolith  
  34  16:17  Khaydarin Monolith  
  34  16:18  Khaydarin Monolith  
  34  16:43  Shield Battery  
  34  17:03  Pylon  
  34  17:38  Cybernetics Core  
  34  18:10  Pylon  
  34  18:19  Pylon  
  34  18:42  Khaydarin Monolith  
  34  18:52  Khaydarin Monolith  
  34  18:57  Khaydarin Monolith  
  34  19:13  Pylon  
  34  19:31  Khaydarin Monolith  
  34  19:33  Khaydarin Monolith  
  34  20:29  Photon Cannon  
  34  20:30  Photon Cannon  
  34  20:33  Photon Cannon  
  34  20:42  Photon Cannon x2  
  34  20:46  Photon Cannon x2  
  34  21:47  Khaydarin Monolith  
  34  21:49  Khaydarin Monolith  
  34  24:09  Shield Battery  
  34  24:17  Shield Battery  
  34  24:43  Shield Battery  
  34  26:07  Shield Battery  
  34  26:24  Photon Cannon  
  34  26:26  Photon Cannon  
  34  26:30  Photon Cannon  
  34  26:32  Photon Cannon  
  34  26:38  Photon Cannon x2  
  34  26:40  Photon Cannon  
  34  26:48  Photon Cannon  
  34  26:59  Photon Cannon  
  34  27:23  Photon Cannon  
  34  27:30  Enhanced Targeting  
  34  27:53  Robotics Facility  
  34  27:56  Robotics Facility  
  34  28:15  Warp Gate  
  34  29:07  Optimized Ordinance  
  34  29:30  Sentinel x2  
  38  29:53  Immortal  
  38  29:54  Immortal  
  46  30:41  Immortal x2  
  54  30:59  Fortification Barrier  
  54  31:29  Immortal x2  
  62  32:03  Robotics Facility  
  62  32:08  Robotics Facility  
  62  32:17  Immortal x2  
  70  32:33  Advanced Repair Systems  
  70  33:05  Immortal x2  
  78  33:22  Immortal x2  
  86  33:41  Probe (Chrono Boost)  
  87  33:52  Immortal  
  87  33:53  Probe (Chrono Boost), Immortal  
  88  34:02  Immortal  
  88  34:03  Unknown  
  88  34:05  Probe (Chrono Boost)  
  88  34:08  Immortal x3  
  97  34:11  Immortal  
  97  34:17  Probe (Chrono Boost), Immortal  
  97  34:18  Immortal x2  
  106  34:26  Immortal  
  106  34:29  Probe (Chrono Boost)  
  115  34:55  Immortal  
  115  34:56  Immortal x2  
  135  35:13  Immortal  
  149  37:00  Immortal  
  151  38:21  Pylon  
  151  38:39  Immortal x2  
  159  40:07  Robotics Facility  
  159  40:12  Robotics Facility  
  159  49:04  Immortal  
  159  49:06  Immortal  
  123  56:01  Immortal x6  
  123  56:10  Immortal x3  
  159  57:08  Pylon  
  159  57:10  Pylon  
  159  57:26  Immortal x2  
  159  57:28  Immortal x2  
  175  60:00  Immortal  
  175  60:17  Immortal  
Show
View Real Time Build Order
Export as new Build Order

NamroodTuo Zerg 

Build Orders:  

Get SALT Encoding   

  12  0:19  Infested Barracks  
  12  0:43  Infested SCV  
  12  0:44  Infested SCV x2  
  15  0:55  Overlord  
  15  1:04  Infestation Level 1  
  15  1:23  Infested SCV  
  15  1:29  Infested SCV  
  17  1:35  Infested SCV  
  18  1:44  Infested SCV  
  19  1:50  Overlord  
  19  1:56  Infested SCV  
  20  2:09  Infested Refinery  
  20  2:11  Infested SCV  
  21  2:21  Overlord  
  21  2:45  Infested SCV  
  22  2:56  Infested Bunker  
  22  2:57  Infested SCV  
  27  3:03  Infested SCV  
  28  3:20  Infested SCV  
  29  3:30  Infested Barracks Tech Lab  
  29  3:33  Infested SCV  
  30  3:44  Infested SCV  
  30  3:47  Retinal Augmentation  
  31  4:01  Infested Engineering Bay  
  31  4:15  Infested SCV  
  31  4:18  Infested Bunker  
  31  4:19  Infested Refinery  
  36  4:53  Infestation Level 2  
  36  5:00  Infested SCV x3, Infested Refinery  
  36  5:04  Overlord  
  39  5:16  Plagued Munitions  
  39  6:13  Infested SCV x5  
  44  6:34  Overlord  
  44  6:56  Anaerobic Enhancement  
  44  7:14  Infested Factory  
  44  7:19  Infested SCV x3  
  51  7:23  Overlord  
  51  7:40  Overlord  
  51  7:44  Broodling Gestation  
  51  7:46  Stukov Infantry Weapons Level 1  
  51  8:17  Unknown  
  51  8:18  Infested Bunker  
  51  8:33  Infested SCV x2  
  51  8:34  Overlord x2  
  53  8:54  Infested Armory  
  53  9:07  Infested Factory Tech Lab  
  53  9:13  Infested Bunker  
  61  9:33  Infested Bunker  
  65  9:51  Infestation Level 3  
  65  10:02  Infested Bunker  
  65  10:05  Stukov Infantry Armor Level 1  
  65  10:19  Infested Bunker  
  69  10:21  Infested Missile Turret  
  69  10:52  Aggressive Incubation  
  73  11:00  Infested SCV, Infested Bunker  
  73  11:03  Overlord x2, Stukov Vehicle and Ship Weapons Level 1  
  77  11:48  Infested Bunker  
  77  12:34  Infested Bunker  
  77  12:37  Regenerative Plating  
  85  12:51  Infested Missile Turret  
  85  13:19  Infested Missile Turret  
  85  13:22  Automated Mitosis, Stukov Vehicle and Ship Armor Level 1  
  85  13:24  Infested Bunker  
  85  13:29  Calcified Armor  
  85  13:51  Infested Missile Turret  
  85  14:04  Stukov Infantry Weapons Level 2  
  85  14:10  Acidic Enzymes  
  85  14:28  Infested Siege Tank x2  
  85  14:29  Infested Siege Tank x3  
  100  14:35  Overlord  
  100  15:32  Saturated Cultures  
  100  15:52  Stukov Vehicle and Ship Armor Level 2  
  100  16:20  Caustic Mucus  
  100  16:34  Infested Marine x5  
  100  16:35  Infested Marine x6  
  100  16:38  Overlord x4  
  100  16:39  Overlord  
  102  16:50  Stukov Infantry Armor Level 2  
  111  17:05  Overseer x2  
  111  17:06  Overseer x3  
  110  18:14  Infested Marine  
  110  18:15  Infested Marine x16  
  110  18:16  Infested Marine x3  
  110  18:17  Overlord x5  
  120  18:30  Overseer x2  
  120  18:31  Overseer x5  
  120  18:32  Overseer  
  120  18:37  Stukov Vehicle and Ship Weapons Level 2  
  116  19:59  Stukov Infantry Armor Level 3  
  104  20:18  Infested Marine  
  104  20:19  Infested Marine x14  
  115  20:20  Infested Marine x5  
  115  20:23  Overlord x2  
  115  20:24  Overlord x3  
  120  21:02  Infested Marine x4  
  120  21:03  Infested Marine x6  
  130  21:18  Stukov Vehicle and Ship Armor Level 3  
  130  21:26  Infested Siege Tank x4  
  130  21:27  Infested Siege Tank  
  115  23:10  Infested Marine x4  
  115  23:11  Infested Marine x16, Stukov Infantry Weapons Level 3  
  135  23:22  Infested Barracks  
  134  24:25  Infested Barracks  
  131  24:30  Stukov Vehicle and Ship Weapons Level 3  
  115  26:07  Infested Bunker  
  127  26:25  Infested Marine  
  127  26:26  Infested Marine x19  
  127  26:27  Infested Marine x19  
  127  26:28  Infested Marine x7  
  173  26:57  Infested Bunker  
  146  27:49  Infested Bunker  
  127  28:41  Infested Diamondback x3  
  127  28:42  Infested Diamondback x2  
  127  28:47  Overlord x4  
  142  30:43  Infested Diamondback x3  
  142  30:44  Infested Diamondback x2  
  157  31:09  Infested Marine x4  
  161  31:10  Infested Marine x22  
  161  31:11  Infested Marine x17  
  154  33:33  Infested Diamondback x3  
  154  33:34  Infested Diamondback x2  
  169  34:38  Infested Marine x6  
  169  34:39  Infested Marine x21  
  196  34:40  Infested Marine x4  
  193  40:05  Infested Bunker  
  193  40:12  Infested Bunker  
  193  40:34  Infested Bunker  
  197  40:52  Infested Bunker  
  197  41:00  Infested Bunker  
  197  41:39  Infested Bunker  
  197  41:49  Infested Bunker  
  196  52:35  Infested Bunker  
  158  56:33  Infested Diamondback  
  158  56:34  Infested Diamondback x4  
  173  58:48  Infested Diamondback  
  173  58:49  Infested Diamondback x4  
  188  59:14  Infested Diamondback  
  115  62:59  Infested Siege Tank x2  
  121  63:00  Infested Siege Tank x3  
Tags
 
Commander
KaraxStukov
Matchup
Co-op
Replay Pack
Multiplayer
Add a new tag
Caveats
  • Supply blocks, unpowered buildings, or Contaminate may cause inaccurate times.
  • Supply counts are checked every 10 seconds.